TOP OF THE 1ST |
Salem Silver Souls batting - Pitching for BlackIron Dragons : RHP Eddie Huber
|
Pitching: RHP Eddie Huber
|
|
Batting: RHB Pedro Rivera
|
0-0: Ball 1-0: Ground out 1-3 (Groundball, 15)
|
Batting: RHB Júlio Rodríguez
|
0-0: Ball 1-0: Swinging Strike 1-1: Foul Ball, location: 2F 1-2: Foul Ball, location: 2F 1-2: Strikes out looking
|
Batting: LHB Hamilton Hughes
|
0-0: Ground out 5-3 (Groundball, 56)
|
Top of the 1st over - 0 runs, 0 hits, 0 errors, 0 left on base; Salem 0 - BlackIron 0 |
BOTTOM OF THE 1ST |
BlackIron Dragons batting - Pitching for Salem Silver Souls : RHP Roberto Deleón
|
Pitching: RHP Roberto Deleón
|
|
Batting: RHB Joaquín Valenzuela
|
0-0: Foul Ball, location: 2F 0-1: Ball 1-1: Foul Ball, location: 2F 1-2: Ball 2-2: Foul Ball, location: 2F 2-2: Foul Ball, location: 2F 2-2: Foul Ball, location: 2F 2-2: Strikes out looking
|
Batting: SHB David Boyle
|
0-0: Ball 1-0: Foul Ball, location: 2F 1-1: SINGLE (Groundball, 34) (infield hit)
|
Batting: LHB José Martínez
|
0-0: Called Strike 0-1: Ball 1-1: Ball 2-1: Called Strike 2-2: Grounds into double play, 4-6-3 (Groundball, 4D)
|
Bottom of the 1st over - 0 runs, 1 hit, 0 errors, 0 left on base; Salem 0 - BlackIron 0 |
TOP OF THE 2ND |
Salem Silver Souls batting - Pitching for BlackIron Dragons : RHP Eddie Huber
|
Batting: LHB Howard Holder
|
0-0: Ball 1-0: Foul Ball, location: 2F 1-1: Swinging Strike 1-2: Foul Ball, location: 2F 1-2: Foul Ball, location: 2F 1-2: Foul Ball, location: 2F 1-2: DOUBLE (Line Drive, 8LD)
|
Batting: RHB Gilberto León
|
0-0: Fly out, F8 (Flyball, 8RD)
|
Batting: LHB José Guillén
|
0-0: Ball 1-0: Ground out 6-3 (Groundball, 6)
|
Batting: RHB Chris Hall
|
0-0: Called Strike 0-1: Foul Ball, location: 2F 0-2: Ground out 5-3 (Groundball, 5)
|
Top of the 2nd over - 0 runs, 1 hit, 0 errors, 1 left on base; Salem 0 - BlackIron 0 |
BOTTOM OF THE 2ND |
BlackIron Dragons batting - Pitching for Salem Silver Souls : RHP Roberto Deleón
|
Batting: RHB Foster Hapgood
|
0-0: Ball 1-0: Ball 2-0: Called Strike 2-1: Foul Ball, location: 2F 2-2: Foul Ball, location: 2F 2-2: SINGLE (Flyball, 9S)
|
Batting: RHB Iván Granados
|
0-0: Called Strike 0-1: Ball Wild Pitch! Foster Hapgood to second 1-1: Swinging Strike 1-2: Strikes out looking
|
Batting: RHB Jimmy King
|
0-0: Ball 1-0: Ball 2-0: Called Strike 2-1: Ground out 1-3 (Groundball, P) Foster Hapgood to third
|
Batting: RHB Randall Walker
|
0-0: Ball 1-0: Called Strike 1-1: Fly out, F7 (Flyball, 7)
|
Bottom of the 2nd over - 0 runs, 1 hit, 0 errors, 1 left on base; Salem 0 - BlackIron 0 |
TOP OF THE 3RD |
Salem Silver Souls batting - Pitching for BlackIron Dragons : RHP Eddie Huber
|
Batting: RHB Armando García
|
0-0: Ball 1-0: Swinging Strike 1-1: Foul Ball, location: 2F 1-2: Ball 2-2: Strikes out swinging
|
Batting: SHB Dale Winters
|
0-0: Called Strike 0-1: Swinging Strike 0-2: Hit by Pitch
|
Batting: RHB Pedro Rivera
|
0-0: Called Strike 0-1: Ball 1-1: Ground out 5-3 (Groundball, 56S) Dale Winters to second
|
Batting: RHB Júlio Rodríguez
|
0-0: Called Strike 0-1: Ball 1-1: SINGLE (Groundball, 34D) Dale Winters to third Runner from 3rd tries for Home, SAFE, throw made home
|
Batting: LHB Hamilton Hughes
|
0-0: Ball Júlio Rodríguez is caught stealing 2nd base
|
Top of the 3rd over - 1 run, 1 hit, 0 errors, 0 left on base; Salem 1 - BlackIron 0 |
BOTTOM OF THE 3RD |
BlackIron Dragons batting - Pitching for Salem Silver Souls : RHP Roberto Deleón
|
Batting: RHB Millard Long
|
0-0: Foul Ball, location: 2F 0-1: Ground out 6-3 (Groundball, 6)
|
Batting: RHB Júlio Rodríguez
|
0-0: Fly out, F9 (Flyball, 9LD)
|
Batting: RHB Joaquín Valenzuela
|
0-0: Called Strike 0-1: Called Strike 0-2: Strikes out swinging
|
Bottom of the 3rd over - 0 runs, 0 hits, 0 errors, 0 left on base; Salem 1 - BlackIron 0 |
TOP OF THE 4TH |
Salem Silver Souls batting - Pitching for BlackIron Dragons : RHP Eddie Huber
|
Batting: LHB Hamilton Hughes
|
0-0: Ball 1-0: Fly out, F8 (Flyball, 8RM)
|
Batting: LHB Howard Holder
|
0-0: Called Strike 0-1: Swinging Strike 0-2: Foul Ball, location: 2F 0-2: Foul Ball, location: 2F 0-2: Ball 1-2: Foul Ball, location: 2F 1-2: Ball 2-2: Foul Ball, location: 2F 2-2: Strikes out looking
|
Batting: RHB Gilberto León
|
0-0: Foul Ball, location: 2F 0-1: Foul Ball, location: 2F 0-2: Ball 1-2: Ball 2-2: Strikes out swinging
|
Top of the 4th over - 0 runs, 0 hits, 0 errors, 0 left on base; Salem 1 - BlackIron 0 |
BOTTOM OF THE 4TH |
BlackIron Dragons batting - Pitching for Salem Silver Souls : RHP Roberto Deleón
|
Batting: SHB David Boyle
|
0-0: Ball 1-0: Foul Ball, location: 2F 1-1: Ball 2-1: Foul Ball, location: 2F 2-2: Ball 3-2: SOLO HOME RUN (Flyball, 9LD), Distance : 371 ft
|
Batting: LHB José Martínez
|
0-0: Ball 1-0: SOLO HOME RUN (Line Drive, 9D), Distance : 419 ft
|
Batting: RHB Foster Hapgood
|
0-0: Foul Ball, location: 2F 0-1: Foul Ball, location: 2F 0-2: Strikes out swinging
|
Batting: RHB Iván Granados
|
0-0: Called Strike 0-1: Ball 1-1: Ground out 4-3 (Groundball, 4MS)
|
Batting: RHB Jimmy King
|
0-0: Swinging Strike 0-1: Foul Ball, location: 2F 0-2: Ball 1-2: Ball 2-2: Ball 3-2: Fly out, F7 (Flyball, 78S)
|
Bottom of the 4th over - 2 runs, 2 hits, 0 errors, 0 left on base; Salem 1 - BlackIron 2 |
TOP OF THE 5TH |
Salem Silver Souls batting - Pitching for BlackIron Dragons : RHP Eddie Huber
|
Batting: LHB José Guillén
|
0-0: Ball 1-0: Foul Ball, location: 2F 1-1: Foul Ball, location: 2F 1-2: Strikes out looking
|
Batting: RHB Chris Hall
|
0-0: Ball 1-0: Swinging Strike 1-1: Swinging Strike 1-2: Ball 2-2: Strikes out swinging, 2-3 out at first.
|
Batting: RHB Armando García
|
0-0: Ball 1-0: Fly out, F8 (Flyball, 78D)
|
Top of the 5th over - 0 runs, 0 hits, 0 errors, 0 left on base; Salem 1 - BlackIron 2 |
BOTTOM OF THE 5TH |
BlackIron Dragons batting - Pitching for Salem Silver Souls : RHP Roberto Deleón
|
Batting: RHB Randall Walker
|
0-0: Fly out, F8 (Flyball, 8LM)
|
Batting: RHB Millard Long
|
0-0: Foul Ball, location: 2F 0-1: Ball 1-1: Ball 2-1: Foul Ball, location: 2F 2-2: Foul Ball, location: 2F 2-2: Foul Ball, location: 2F 2-2: Ball 3-2: Foul Ball, location: 2F 3-2: Strikes out looking
|
Batting: RHB Júlio Rodríguez
|
0-0: Called Strike 0-1: Foul Ball, location: 2F 0-2: Ball 1-2: Ball 2-2: Strikes out swinging
|
Bottom of the 5th over - 0 runs, 0 hits, 0 errors, 0 left on base; Salem 1 - BlackIron 2 |
TOP OF THE 6TH |
Salem Silver Souls batting - Pitching for BlackIron Dragons : RHP Eddie Huber
|
Batting: SHB Dale Winters
|
0-0: Called Strike 0-1: Foul Ball, location: 2F 0-2: Ball 1-2: Ball 2-2: Foul Ball, location: 2F 2-2: Ball 3-2: Strikes out swinging
|
Batting: RHB Pedro Rivera
|
0-0: Called Strike 0-1: Ball 1-1: SINGLE (Line Drive, 34D)
|
Batting: RHB Júlio Rodríguez
|
0-0: Ball Pedro Rivera is caught stealing 2nd base 1-0: Called Strike 1-1: DOUBLE (Line Drive, 78XD)
|
Batting: LHB Hamilton Hughes
|
0-0: Ground out U3 (Groundball, 23)
|
Top of the 6th over - 0 runs, 2 hits, 0 errors, 1 left on base; Salem 1 - BlackIron 2 |
BOTTOM OF THE 6TH |
BlackIron Dragons batting - Pitching for Salem Silver Souls : RHP Roberto Deleón
|
Batting: RHB Joaquín Valenzuela
|
0-0: Called Strike 0-1: Ball 1-1: Foul Ball, location: 2F 1-2: Ball 2-2: Ball 3-2: SINGLE (Line Drive, 8LS)
|
Batting: SHB David Boyle
|
0-0: Called Strike 0-1: Ball 1-1: Ball 2-1: Ball 3-1: Called Strike 3-2: Foul Ball, location: 2F 3-2: SINGLE (Groundball, 3D) Joaquín Valenzuela to second Runner from 2nd tries for 3rd, SAFE, no throw
|
Batting: LHB José Martínez
|
0-0: Foul Ball, location: 2F 0-1: Ball David Boyle steals 2nd base 1-1: Intentional Walk
|
Batting: RHB Foster Hapgood
|
0-0: Called Strike 0-1: Called Strike 0-2: Ball 1-2: Strikes out looking
|
Batting: RHB Iván Granados
|
0-0: Called Strike 0-1: Ball 1-1: Ball 2-1: Ball 3-1: Base on Balls Joaquín Valenzuela scores David Boyle to third José Martínez to second
|
Batting: RHB Jimmy King
|
0-0: Ball 1-0: Grounds into fielders choice 5-2 (Groundball, 56) José Martínez to third Iván Granados to second
|
Batting: RHB Randall Walker
|
0-0: Ball 1-0: Swinging Strike 1-1: Ball 2-1: Ball 3-1: Base on Balls José Martínez scores Iván Granados to third Jimmy King to second
|
Batting: RHB Millard Long
|
0-0: Called Strike Balk! Iván Granados scores Jimmy King to third Randall Walker to second 0-1: Ball 1-1: Foul Ball, location: 2F 1-2: Foul Ball, location: 2F 1-2: Ball 2-2: Fly out, F4 (Popup, 4)
|
Bottom of the 6th over - 3 runs, 2 hits, 0 errors, 2 left on base; Salem 1 - BlackIron 5 |
TOP OF THE 7TH |
Salem Silver Souls batting - Pitching for BlackIron Dragons : RHP Eddie Huber
|
Batting: LHB Howard Holder
|
0-0: Hit by Pitch
|
Batting: RHB Gilberto León
|
0-0: Fly out, F9 (Flyball, 9S)
|
Batting: LHB José Guillén
|
0-0: Ball 1-0: Foul Ball, location: 2F 1-1: Ball 2-1: Fly out, F8 (Flyball, 8RD)
|
Batting: RHB Chris Hall
|
0-0: Ground out 5-3 (Groundball, 56S)
|
Top of the 7th over - 0 runs, 0 hits, 0 errors, 1 left on base; Salem 1 - BlackIron 5 |
TOP OF THE 8TH |
Salem Silver Souls batting - Pitching for BlackIron Dragons : RHP Eddie Huber
|
Pitching: RHP António Molina
|
|
Now at 1B: Roderick Silva
|
|
Now in LF: Jeff Thompson
|
|
Batting: RHB Armando García
|
0-0: Called Strike 0-1: Ball 1-1: Called Strike 1-2: Foul Ball, location: 2F 1-2: DOUBLE (Line Drive, 5D)
|
Batting: SHB Dale Winters
|
0-0: Swinging Strike 0-1: Ball 1-1: TRIPLE (Flyball, 9LD) Armando García scores
|
Batting: RHB Pedro Rivera
|
0-0: Called Strike 0-1: Called Strike 0-2: Ball 1-2: Ground out 5-3 (Groundball, 56) Dale Winters scores
|
Batting: RHB Júlio Rodríguez
|
0-0: DOUBLE (Line Drive, 78XD)
|
Pitching: LHP Nick Walters
|
|
Batting: LHB Hamilton Hughes
|
0-0: Foul Ball, location: 2F 0-1: Ball 1-1: Ball 2-1: Ball 3-1: Base on Balls
|
Batting: LHB Howard Holder
|
0-0: Foul Ball, location: 2F 0-1: Ball 1-1: Foul Ball, location: 2F 1-2: Strikes out swinging
|
Pitching: RHP José Moreno
|
|
Batting: RHB Gilberto León
|
0-0: Called Strike 0-1: Swinging Strike 0-2: Ball 1-2: Strikes out swinging
|
Top of the 8th over - 2 runs, 3 hits, 0 errors, 2 left on base; Salem 3 - BlackIron 6 |
BOTTOM OF THE 8TH |
BlackIron Dragons batting - Pitching for Salem Silver Souls : RHP Pepe Torres
|
Batting: RHB Jimmy King
|
0-0: Called Strike 0-1: DOUBLE (Line Drive, 9LM)
|
Batting: RHB Randall Walker
|
0-0: Called Strike 0-1: Called Strike 0-2: Foul Ball, location: 2F 0-2: Ground out 5-3 (Groundball, 56S) Jimmy King to third
|
Batting: RHB Millard Long
|
0-0: Intentional Walk
|
Batting: RHB Júlio Rodríguez
|
0-0: Ball 1-0: Foul Ball, location: 2F 1-1: Ball 2-1: Swinging Strike 2-2: Ball Wild Pitch! Jimmy King scores Millard Long to second 3-2: Intentional Walk
|
Pitching: LHP Reynaldo Vázquez
|
|
Batting: RHB Joaquín Valenzuela
|
0-0: Fielders Choice at 2nd, 6-4 (Groundball, 56) Millard Long to third
|
Batting: SHB David Boyle
|
0-0: Ball 1-0: Called Strike 1-1: Foul Ball, location: 2F 1-2: Fly out, F9 (Line Drive, 9)
|
Bottom of the 8th over - 1 run, 1 hit, 0 errors, 2 left on base; Salem 3 - BlackIron 7 |
TOP OF THE 9TH |
Salem Silver Souls batting - Pitching for BlackIron Dragons : RHP José Moreno
|
Batting: LHB José Guillén
|
0-0: Ball 1-0: Swinging Strike 1-1: Ball 2-1: Ball 3-1: Swinging Strike 3-2: Foul Ball, location: 2F 3-2: Base on Balls
|
Batting: RHB Chris Hall
|
0-0: Swinging Strike 0-1: Swinging Strike 0-2: Ball Pickoff Throw to First - Out! 1-2: Strikes out swinging
|
Batting: RHB Armando García
|
0-0: Swinging Strike 0-1: Foul Ball, location: 2F 0-2: Strikes out swinging
|
Top of the 9th over - 0 runs, 0 hits, 0 errors, 0 left on base; Salem 3 - BlackIron 7 |
|